 Dungeon Crawl Stone Soup version 0.28.0 (webtiles) character file.

Game seed: 1049237525145520628

22 issech the Cudgeller (level 2, -1/29 HPs)
             Began as a Troll Monk on Feb 14, 2022.
             Slain by a gnoll (9 damage)
             ... on level 1 of the Dungeon.
             The game lasted 00:03:24 (898 turns).

issech the Cudgeller (Troll Monk)                    Turns: 898, Time: 00:03:25

Health: -1/29      AC:  4    Str: 18    XL:     2   Next: 68%
Magic:  1/1        EV: 10    Int:  6    God:
Gold:   20         SH:  0    Dex: 12    Spells: 1/1 levels left

rFire   . . .      SeeInvis .   a - +0 mace
rCold   . . .      Faith    .   (no shield)
rNeg    . . .      Spirit   .   b - +0 robe
rPois   .          Reflect  .   (helmet restricted)
rElec   .          Harm     .   (no cloak)
rCorr   .          Rampage  .   (gloves unavailable)
Will    .....                   (boots unavailable)
Stlth   ++........              (no amulet)
HPRegen 0.89/turn               (no ring)
MPRegen 0.07/turn               (no ring)

@: no status effects
A: large, unfitting armour, claws 3, regeneration 1, shaggy fur 1, tough skin 1
a: no special abilities


You were on level 1 of the Dungeon.
You visited 1 branch of the dungeon, and saw 2 of its levels.

You collected 20 gold pieces.

Inventory:

Hand Weapons
 a - a +0 mace (weapon)
Missiles
 e - 38 stones (quivered)
Armour
 b - a +0 robe (worn)
Scrolls
 d - 2 scrolls of enchant weapon {unknown}
 f - a scroll of identify {unknown}
 g - a scroll of summoning {unknown}
Potions
 c - a potion of curing {unknown}
 h - a potion of lignification {unknown}


   Skills:
 + Level 2.8 Fighting
 + Level 3.0 Maces & Flails
 + Level 2.6 Dodging
 + Level 1.1 Stealth


You had one spell level left.
You didn't know any spells.
Your spell library contained the following spells:

 Spells                   Type           Power      Damage    Failure   Level
 Ignite Poison            Fire/Tmut/Pois 0%         N/A       83%         3
 Mephitic Cloud           Conj/Pois/Air  0%         N/A       83%         3
 Freezing Cloud           Conj/Ice/Air   0%         6-21      100%        5


Dungeon Overview and Level Annotations

Branches:
Dungeon (2/15)

Altars:


Innate Abilities, Weirdness & Mutations

You are too large for most types of armour.
You have claws for hands.
Your natural rate of healing is unusually fast.
You are covered in fur. (AC +1)
You have tough skin. (AC +1)


Message History

There is a fountain of clear blue water here.
There is a stone staircase leading down here.
You climb downwards.
The gnoll shouts!
You hear a shout!
Found a coppery potion.
Found a stone staircase leading down.
There is a stone staircase leading up here.
You see here a coppery potion.
You see here a coppery potion.
h - a coppery potion A gnoll comes into view.
It is wielding a +0 club.
You completely miss the gnoll. The gnoll hits you with a +0 flail!
You hit the gnoll but do no damage. The gnoll barely misses you.
You hit the gnoll.
The gnoll is moderately wounded.
The gnoll hits you with a +0 flail.
A gnoll comes into view. It is wielding a +0 spear.
The gnoll closely misses you.
A gnoll comes into view. It is wielding a +0 spear.
The gnoll barely misses you.
The gnoll hits you from afar with a +0 spear.
The gnoll shouts!
The gnoll hits you with a +0 spear. The gnoll closely misses you.
The gnoll barely misses you.
There is a stone staircase leading up here.
The gnoll hits you from afar with a +0 spear.
The gnoll closely misses you. The gnoll barely misses you.
The gnoll hits you with a +0 spear.
* * * LOW HITPOINT WARNING * * *
You climb upwards.
There is a stone staircase leading down here.
You hit the gnoll but do no damage.
The gnoll is moderately wounded.
The gnoll barely misses you. The gnoll hits you but does no damage.
The gnoll completely misses you. The gnoll closely misses you.
You completely miss the gnoll.
The gnoll is moderately wounded.
The gnoll hits you with a +0 club.
* * * LOW HITPOINT WARNING * * *
The gnoll closely misses you. The gnoll hits you with a +0 flail!
You die...

.##...[...##.#..........#
.##.......##.#.##.#####.#
..#..###.......##.# #.#
.#...#............# #.#
###..#.#..##.###### #.##
# ##......##.# #..#
##......#.# ####.#### #
##...#.#)#.#####
#.......#
###....#.#.#...g@#
#.##.##.#
.#.#...#.......gg#
#....##.#
..###.####.......#
#..####.# ..# #.#
###.....# #.......#
############.....#
##.######
#.........######## #.#
.............### #.#
...⌠...⌠.......# #.#
⌠.........⌠...## #.#


You could see 3 gnolls.

Vanquished Creatures
  A dart slug (D:1)
  3 ball pythons (D:1)
  2 bats (D:1)
  2 endoplasms (D:1)
  A goblin (D:1)
  2 hobgoblins (D:1)
  2 jackals (D:1)
  A quokka (D:1)
  A kobold (D:1)
  2 rats (D:1)
17 creatures vanquished.

Vanquished Creatures (others)
  3 fungi (D:1)
  2 plants (D:1)
5 creatures vanquished.

Grand Total: 22 creatures vanquished

Notes
Turn   | Place    | Note
-------+----------+-------------------------------------------
     0 | D:1      | issech the Troll Monk began the quest for the Orb.
     0 | D:1      | Reached XP level 1. HP: 22/22 MP: 0/0
   196 | D:1      | Reached XP level 2. HP: 29/29 MP: 1/1
   336 | D:1      | Found a faded altar of an unknown god.
   745 | D:1      | Reached skill level 3 in Maces & Flails
   898 | D:1      | Slain by a gnoll

Illustrated notes

Levels and vault maps discovered:
D:1:      dpeg_arrival_stone_temple_mockup, layout_loops_cross,
          shapermc_ecumenical_altar_ellora, nrook_uturn
D:2:      layout_basic

Skill      XL: |  1  2 |
---------------+-------+-----
Maces & Flails | 3 |  3.0
Fighting       | |  2.8
Dodging        | |  2.6
Stealth        | |  1.1

Action                   || total
-------------------------++-------
Melee: Mace              ||    74
       Punch             ||     1
Armor: Robe              ||    21
Dodge: Dodged            ||    44
